 Dungeon Crawl Stone Soup version 0.27-a0-277-g024f7ef292 (webtiles) character file.

Game seed: 1783832122410872096

9969 ReteAZ the Blocker (level 11, -6/89 HPs)
             Began as a Gnoll Fighter on Feb 7, 2021.
             Was an Elder of Cheibriados.
             Splashed by an acid blob (shapeshifter)'s acid (12 damage)
             ... in a Gauntlet.
             The game lasted 00:23:46 (14391 turns).

ReteAZ the Blocker (Gnoll Fighter)                 Turns: 14391, Time: 00:23:46

Health: -6/89      AC: 13    Str: 25    XL:     11   Next: 54%
Magic:  20/20      EV: 12    Int: 21    God:    Cheibriados [****..]
Gold:   285        SH: 13    Dex: 22    Spells: 22/22 levels left

rFire    + . .     SeeInvis .   a - +0 trident (venom)
rCold    . . .     Faith    .   c - +0 kite shield
rNeg     . . .     Spirit   .   u - +2 chain mail {rF+}
rPois    .         Reflect  .   (no helmet)
rElec    .         Harm     .   n - +0 cloak
rCorr    .         Rampage  .   s - +0 pair of gloves
Will     +....     NoTele   +   G - +0 pair of boots
Stlth    +.........             (no amulet)
HPRegen  0.24/turn              A - +4 ring of protection
MPRegen  0.17/turn              E - ring of willpower

@: corroded, very slow
A: distributed training, fangs 1, strong nose
a: Renounce Religion, Bend Time, Temporal Distortion, Slouch


You were in a Gauntlet.
You worshipped Cheibriados.
Cheibriados was greatly pleased with you.
You visited 2 branches of the dungeon, and saw 12 of its levels.
You also visited: Sewer and Gauntlet.

You collected 519 gold pieces.
You spent 234 gold pieces at shops.

Inventory:

Hand Weapons
 a - a +0 trident of venom (weapon)
 b - a +2 whip of flaming
 I - a +2 battleaxe of freezing
Missiles
 o - 27 poisoned darts (quivered)
 v - a throwing net
 y - 9 boomerangs
Armour
 c - a +0 kite shield (worn)
 n - a +0 cloak (worn)
 s - a +0 pair of gloves (worn)
 u - a +2 chain mail of fire resistance (worn)
 F - the +3 scale mail "Hetainik" {Int+4}
   (You bought it in a shop on level 4 of the Dungeon)

   It affects your intelligence (+4).
 G - a +0 pair of boots (worn)
 H - a +0 helmet
Jewellery
 q - an uncursed ring of protection from fire
 A - a +4 ring of protection (left hand)
 C - an uncursed ring of wizardry
 E - a ring of willpower (right hand)
Wands
 g - a wand of flame (16)
 p - a wand of iceblast (23)
 w - a wand of acid (5)
 x - a wand of mindburst (4)
Scrolls
 h - 2 scrolls of teleportation
 k - 4 scrolls of remove curse
 l - 8 scrolls of identify
 m - 2 scrolls of fear
 t - a scroll of blinking
 z - a scroll of enchant weapon
 B - 3 scrolls of brand weapon
 D - 3 scrolls of amnesia
 J - a scroll of enchant armour
Potions
 d - 2 potions of might
 e - 11 potions of curing
 f - a potion of brilliance
 i - 6 potions of flight
 j - 2 potions of heal wounds
 r - a potion of attraction


   Skills:
 + Level 9.2 Fighting
 + Level 6.4 Short Blades
 + Level 6.4 Long Blades
 + Level 6.4 Axes
 + Level 6.4 Maces & Flails
 + Level 8.0 Polearms
 + Level 6.4 Staves
 + Level 6.4 Slings
 + Level 6.4 Bows
 + Level 6.4 Crossbows
 + Level 6.4 Throwing
 + Level 9.2 Armour
 + Level 6.4 Dodging
 + Level 6.4 Stealth
 + Level 9.2 Shields
 + Level 6.4 Unarmed Combat
 + Level 6.4 Spellcasting
 + Level 5.3 Conjurations
 + Level 5.3 Hexes
 + Level 5.3 Summonings
 + Level 5.3 Necromancy
 + Level 5.3 Translocations
 + Level 5.3 Transmutations
 + Level 5.3 Fire Magic
 + Level 5.3 Ice Magic
 + Level 5.3 Air Magic
 + Level 5.3 Earth Magic
 + Level 5.3 Poison Magic
 + Level 7.0 Invocations
 + Level 6.4 Evocations


You had 22 spell levels left.
You didn't know any spells.
Your spell library contained the following spells:

 Spells                   Type           Power        Failure   Level
 Apportation              Tloc           58%          12%         1
 Freeze                   Ice            100%         12%         1
 Magic Dart               Conj           100%         12%         1
 Summon Small Mammal      Summ           100%         12%         1
 Call Imp                 Summ           29%          17%         2
 Call Canine Familiar     Summ           29%          34%         3
 Frozen Ramparts          Ice            58%          34%         3
 Lesser Beckoning         Tloc           14%          34%         3
 Ozocubu's Armour         Ice            29%          34%         3
 Summon Guardian Golem    Hex/Summ       29%          34%         3
 Tukima's Dance           Hex            29%          34%         3
 Hailstorm                Conj/Ice       29%          75%         4
 Summon Ice Beast         Ice/Summ       29%          75%         4
 Summon Lightning Spire   Summ/Air       29%          75%         4
 Alistair's Intoxication  Tmut/Pois      19%          97%         5
 Invisibility             Hex            29%          100%        6


Dungeon Overview and Level Annotations

Branches:
Dungeon (11/15)            Temple (1/1) D:6            Lair (0/6) D:9
  Sewer (visited)         Gauntlet (1/1)
    Orc: D:9-12

Altars:
Ashenzari
Cheibriados
Dithmenos
Fedhas
Gozag
Kikubaaqudgha
Okawaru
Qazlal
Ru
Sif Muna
Trog
Uskayaw
Vehumet
Wu Jian
Xom
Yredelemnul
Zin
The Shining One

Shops:
D:4 [

Annotations:
D:6 Grinder Gauntlet 17 transporters


Innate Abilities, Weirdness & Mutations

Your experience applies equally to all skills.
You have very sharp teeth.
Your uncanny sense of smell can sniff out nearby items.


Message History

Blink to where?
Press: ? - help, Dir - move target
As you read the scroll of blinking, it crumbles to dust.
The guardian serpent hits you but does no damage.
The guardian serpent hits you!
* * * LOW HITPOINT WARNING * * *
Blink to where?
Press: ? - help, Dir - move target
As you read the scroll of blinking, it crumbles to dust.
The chaos spawn gives a hideous shriek!
The chaos spawn screeches!
You hear a shout!
The white imp shouts, "Scamper away, thou rank sow-suckled wastrel!"
You hear a shout!
You see here a scroll of teleportation.
The flying skull gives a hideous shriek! x2
The acid blob spits acid at you. The splash of acid hits you!
* * * LOW HITPOINT WARNING * * *
You are splashed with acid!
You die...

#).....#..#.##..##.#..#.#........
#.....#...#.#.##.#.S###.#.#.##.##
##...^#.^.#.##.##w##w##.#x..#..#.
#.##.#...4#.#.#..#..©.#.#g.##.##.
#©.^###...#.#.##.######.#..#.©#..
#4...#©##^#.#..J###...#.#.##.##.#
#4^.#^...##.##..####.##.#.^..#.^^
#4..#....4#.#.#?#.##..#.#.#.##.##
#3.#^.....#.##.#@©....#.#...^..^.
#################################
#≈≈8§≈#©.........©.........©#≈≈8≈
######################### ###
...........©#§§§§8≈≈≈≈#©.........
#################################
#.###.#....z.zz.#.#55..#....#.#..
#.###.#.##...##z#.#...#.#...#.#.≈
.^..#.#.#.# #.#.#.#..#.©.#..#.#.≈


You could see an acid blob shaped shifter, a chaos spawn, 4 flying skulls and 2
white imps.

Vanquished Creatures
  A two-headed ogre (D:10)
  Pikel (D:8)
  An ugly thing (D:11)
  Joseph (D:9)
  A troll (D:10)
  A polar bear (D:7)
  2 tyrant leeches (D:10)
  A spriggan (D:9)
  2 vampires (D:10)
  9 yaks (D:11)
  A steam dragon (D:11)
  4 vampire mosquitoes (D:10)
  2 orc warriors
  2 ice beasts (D:8)
  3 sky beasts
  8 ogres
  4 wolves (D:8)
  A centaur (D:6)
  2 big kobolds
  A phantom (D:4)
  9 bullfrogs
  2 gnoll sergeants (D:9)
  3 scorpions
  12 wights
  2 bullfrog zombies
  A centaur zombie (D:6)
  6 crimson imps (D:7)
  6 hounds
  A quasit (D:10)
  2 orc priests
  A bullfrog skeleton (D:6)
  Ijyb (D:5)
  Natasha (thrice) (D:3)
  9 orc wizards
  5 worker ants
  A killer bee zombie (D:8)
  A bullfrog simulacrum (D:8)
  A hound zombie (D:6)
  A worker ant zombie (D:10)
  15 adders
  17 gnolls
  4 river rats
  A hound simulacrum (D:8)
  2 shadow imps (D:7)
  7 white imps
  A howler monkey simulacrum (D:8)
  5 ufetubi
  An ooze (D:4)
  3 adder skeletons
  An adder zombie (D:9)
  2 worms
  2 dart slugs (D:1)
  5 leopard geckos
  28 orcs
  6 giant cockroaches
  8 goblins
  10 hobgoblins
  18 jackals
  18 kobolds
  6 quokkas
  A ball python (D:3)
  6 bats
  16 frilled lizards
  2 jackal zombies
  9 rats
309 creatures vanquished.

Vanquished Creatures (others)
  6 fungi (Gauntlet)
  13 plants (Gauntlet)
19 creatures vanquished.

Grand Total: 328 creatures vanquished

Notes
Turn   | Place    | Note
-------+----------+-------------------------------------------
     0 | D:1      | ReteAZ the Gnoll Fighter began the quest for the Orb.
     0 | D:1      | Reached XP level 1. HP: 23/23 MP: 1/1
   176 | D:1      | Reached XP level 2. HP: 22/29 MP: 2/2
   544 | D:1      | Reached XP level 3. HP: 31/35 MP: 3/3
   720 | D:1      | Reached skill level 1 in Invocations
   906 | D:2      | Reached skill level 1 in Short Blades
   906 | D:2      | Reached skill level 1 in Long Blades
   906 | D:2      | Reached skill level 1 in Axes
   906 | D:2      | Reached skill level 1 in Maces & Flails
   906 | D:2      | Reached skill level 1 in Staves
   906 | D:2      | Reached skill level 1 in Slings
   906 | D:2      | Reached skill level 1 in Bows
   906 | D:2      | Reached skill level 1 in Crossbows
   906 | D:2      | Reached skill level 1 in Throwing
   906 | D:2      | Reached skill level 1 in Dodging
   906 | D:2      | Reached skill level 1 in Stealth
   906 | D:2      | Reached skill level 1 in Unarmed Combat
   906 | D:2      | Reached skill level 1 in Spellcasting
   906 | D:2      | Reached skill level 1 in Evocations
   906 | D:2      | Reached XP level 4. HP: 41/41 MP: 5/5
  1257 | D:2      | Reached skill level 1 in Conjurations
  1257 | D:2      | Reached skill level 1 in Hexes
  1257 | D:2      | Reached skill level 1 in Summonings
  1257 | D:2      | Reached skill level 1 in Necromancy
  1257 | D:2      | Reached skill level 1 in Translocations
  1257 | D:2      | Reached skill level 1 in Transmutations
  1257 | D:2      | Reached skill level 1 in Fire Magic
  1257 | D:2      | Reached skill level 1 in Ice Magic
  1257 | D:2      | Reached skill level 1 in Air Magic
  1257 | D:2      | Reached skill level 1 in Earth Magic
  1257 | D:2      | Reached skill level 1 in Poison Magic
  1924 | D:2      | Reached XP level 5. HP: 47/47 MP: 6/6
  2371 | D:3      | Noticed Natasha
  2382 | D:3      | Killed Natasha
  2418 | D:3      | Found an opulent altar of Gozag.
  2481 | D:3      | Noticed Natasha
  2498 | D:3      | Killed Natasha
  2523 | D:3      | Noticed Natasha
  2530 | D:3      | Killed Natasha
  2611 | D:3      | Noticed a sky beast
  2651 | D:3      | Killed a sky beast
  2652 | D:3      | Reached skill level 5 in Polearms
  2652 | D:3      | Reached XP level 6. HP: 51/53 MP: 8/8
  2839 | D:3      | Found a glowing silver altar of Zin.
  3006 | D:4      | Found a stormy altar of Qazlal.
  3150 | D:4      | Reached XP level 7. HP: 38/60 MP: 10/10
  3254 | D:4      | Found a glowing drain.
  3280 | Sewer    | Entered a sewer
  3548 | Sewer    | Found a glowing silver altar of Zin.
  3894 | D:4      | Found a glowing golden altar of the Shining One.
  3894 | D:4      | Found a broken altar of Ashenzari.
  3894 | D:4      | Found a basalt altar of Yredelemnul.
  3901 | D:4      | Found a blossoming altar of Fedhas.
  3945 | D:4      | Reached XP level 8. HP: 67/67 MP: 12/12
  4021 | D:4      | You fall into a shaft and drop 2 floors!
  4032 | D:5      | Entered Level 5 of the Dungeon
  4290 | D:5      | Found a hide-covered altar of Uskayaw.
  4291 | D:5      | Noticed a +0 dagger
  4291 | D:5      | Noticed a +0 dagger
  4717 | D:4      | Found Cipniavyjo's Antique Armour Boutique.
  5427 | D:5      | Noticed Ijyb
  5435 | D:5      | Killed Ijyb
  5677 | D:5      | Found an ornate altar of the Wu Jian Council.
  5899 | D:6      | Noticed Grinder
  5900 | D:6      | Paralysed by Grinder for 4 turns
  6237 | D:6      | Reached XP level 9. HP: 63/73 MP: 14/14
  6409 | D:6      | You fall into a shaft and drop 1 floor!
  7052 | D:6      | Paralysed by Grinder for 2 turns
  7229 | D:6      | Found a staircase to the Ecumenical Temple.
  7236 | Temple   | Entered the Ecumenical Temple
  7282 | Temple   | Became a worshipper of Cheibriados the Contemplative
  7376 | D:6      | Found a radiant altar of Vehumet.
  7378 | D:6      | Identified Vehumet's Incunabulum of Conjuration
  7381 | D:6      | Found an ancient bone altar of Kikubaaqudgha.
  7382 | D:6      | Found a shimmering blue altar of Sif Muna.
  7541 | D:4      | Bought a warped scale mail for 234 gold pieces
  7551 | D:4      | Identified the +3 scale mail "Hetainik" {Int+4} (You bought
                  | it in a shop on level 4 of the Dungeon)
  8525 | D:8      | Noticed Pikel
  8548 | D:8      | Killed Pikel
  8549 | D:8      | Reached skill level 5 in Invocations
  8566 | D:8      | Noticed a polar bear
  8589 | D:7      | Killed a polar bear
  8589 | D:7      | Reached * piety under Cheibriados
  8867 | D:8      | Reached XP level 10. HP: 48/80 MP: 17/17
  9810 | D:8      | Reached skill level 5 in Short Blades
  9810 | D:8      | Reached skill level 5 in Long Blades
  9810 | D:8      | Reached skill level 5 in Axes
  9810 | D:8      | Reached skill level 5 in Maces & Flails
  9810 | D:8      | Reached skill level 5 in Staves
  9810 | D:8      | Reached skill level 5 in Slings
  9810 | D:8      | Reached skill level 5 in Bows
  9810 | D:8      | Reached skill level 5 in Crossbows
  9810 | D:8      | Reached skill level 5 in Throwing
  9810 | D:8      | Reached skill level 5 in Dodging
  9810 | D:8      | Reached skill level 5 in Stealth
  9810 | D:8      | Reached skill level 5 in Unarmed Combat
  9810 | D:8      | Reached skill level 5 in Spellcasting
  9810 | D:8      | Reached skill level 5 in Evocations
 10480 | D:9      | Reached ** piety under Cheibriados
 10989 | D:9      | Noticed Joseph
 11384 | D:9      | Killed Joseph
 11446 | D:9      | Found a staircase to the Lair.
 11652 | D:10     | Entered Level 10 of the Dungeon
 11652 | D:10     | Noticed a two-headed ogre
 11665 | D:9      | Reached *** piety under Cheibriados
 12385 | D:10     | Reached XP level 11. HP: 73/87 MP: 19/19
 12764 | D:10     | Killed a two-headed ogre
 12764 | D:10     | Reached **** piety under Cheibriados
 12765 | D:10     | Reached skill level 5 in Conjurations
 12765 | D:10     | Reached skill level 5 in Hexes
 12765 | D:10     | Reached skill level 5 in Summonings
 12765 | D:10     | Reached skill level 5 in Necromancy
 12765 | D:10     | Reached skill level 5 in Translocations
 12765 | D:10     | Reached skill level 5 in Transmutations
 12765 | D:10     | Reached skill level 5 in Fire Magic
 12765 | D:10     | Reached skill level 5 in Ice Magic
 12765 | D:10     | Reached skill level 5 in Air Magic
 12765 | D:10     | Reached skill level 5 in Earth Magic
 12765 | D:10     | Reached skill level 5 in Poison Magic
 13423 | D:10     | Found the +12 Vampire's Tooth {vamp}
 13696 | D:11     | Noticed a purple ugly thing
 13736 | D:11     | Noticed a purple ugly thing
 13744 | D:11     | Found the +5 robe of Misfortune {*Contam Harm *Corrode
                  | *Drain *Slow EV+5}
 13797 | D:11     | Killed a purple ugly thing
 13848 | D:11     | Found a gate leading to a gauntlet.
 13869 | Gauntlet | Entered a Gauntlet
 13869 | Gauntlet | Found a transporter.
 13872 | Gauntlet | Noticed a harpy
 13881 | Gauntlet | a harpy changed into a queen bee
 13911 | Gauntlet | Noticed a mana viper
 13911 | Gauntlet | a guardian serpent changed into a mana viper
 13938 | Gauntlet | Noticed a sea snake
 13938 | Gauntlet | a mana viper changed into a sea snake
 13945 | Gauntlet | Noticed a wolf spider
 13945 | Gauntlet | a sea snake changed into a wolf spider
 13947 | Gauntlet | Noticed a harpy
 13947 | Gauntlet | a troll changed into a harpy
 13954 | Gauntlet | Noticed a fire crab
 13954 | Gauntlet | a harpy changed into a fire crab
 13956 | Gauntlet | Noticed a swamp dragon
 13956 | Gauntlet | a fire crab changed into a swamp dragon
 13960 | Gauntlet | Noticed a fire crab
 13960 | Gauntlet | a swamp dragon changed into a jumping spider
 13961 | Gauntlet | Noticed an ice dragon
 13961 | Gauntlet | a wolf spider changed into an ice dragon
 13962 | Gauntlet | a fire crab changed into a spriggan
 13965 | Gauntlet | Found a transporter.
 13979 | Gauntlet | Found a transporter.
 13984 | Gauntlet | Found a transporter.
 13998 | Gauntlet | Noticed a blizzard demon
 14005 | Gauntlet | Found a transporter.
 14018 | Gauntlet | Found a transporter.
 14018 | Gauntlet | Noticed a salamander
 14022 | Gauntlet | Noticed a sea snake
 14026 | Gauntlet | a salamander changed into a meliai
 14030 | Gauntlet | Found a transporter.
 14038 | Gauntlet | Found a transporter.
 14038 | Gauntlet | Found a transporter.
 14053 | Gauntlet | Noticed a wizard
 14054 | Gauntlet | Noticed a wizard
 14055 | Gauntlet | Found a transporter.
 14064 | Gauntlet | Noticed a death yak
 14064 | Gauntlet | Noticed a necromancer
 14064 | Gauntlet | Noticed a death yak
 14065 | Gauntlet | Noticed a death yak
 14066 | Gauntlet | Noticed a death yak
 14066 | Gauntlet | Noticed a death yak
 14067 | Gauntlet | Found a transporter.
 14073 | Gauntlet | Found a transporter.
 14073 | Gauntlet | Found a transporter.
 14088 | Gauntlet | Found a transporter.
 14094 | Gauntlet | Found a transporter.
 14133 | Gauntlet | Found a transporter.
 14133 | Gauntlet | Noticed a worldbinder
 14151 | Gauntlet | Noticed a salamander
 14155 | Gauntlet | Noticed a deep troll
 14157 | Gauntlet | Noticed a shadow dragon
 14158 | Gauntlet | Found a transporter.
 14158 | Gauntlet | a salamander changed into a redback
 14160 | Gauntlet | Found a transporter.
 14173 | Gauntlet | Noticed a death drake
 14173 | Gauntlet | a redback changed into a death drake
 14175 | Gauntlet | a death drake changed into a guardian serpent
 14204 | Gauntlet | Noticed a dire elephant
 14204 | Gauntlet | Noticed an azure jelly
 14204 | Gauntlet | a dire elephant changed into an azure jelly
 14204 | Gauntlet | Noticed an eleionoma
 14204 | Gauntlet | an azure jelly changed into an eleionoma
 14206 | Gauntlet | Noticed a glowing orange brain
 14209 | Gauntlet | Noticed a shadow dragon
 14209 | Gauntlet | an eleionoma changed into a shadow dragon
 14209 | Gauntlet | Noticed a fenstrider witch
 14209 | Gauntlet | a shadow dragon changed into a fenstrider witch
 14210 | Gauntlet | Noticed a dire elephant
 14210 | Gauntlet | a fenstrider witch changed into a dire elephant
 14242 | Gauntlet | Noticed a six-headed hydra
 14244 | Gauntlet | Noticed a fire crab
 14245 | Gauntlet | Noticed a lindwurm
 14246 | Gauntlet | Noticed a fire giant
 14247 | Gauntlet | Noticed an ice dragon
 14247 | Gauntlet | a six-headed hydra changed into an ice dragon
 14247 | Gauntlet | Noticed a deep troll
 14247 | Gauntlet | a lindwurm changed into a deep troll
 14250 | Gauntlet | Noticed a fenstrider witch
 14250 | Gauntlet | a fire giant changed into a fenstrider witch
 14251 | Gauntlet | Noticed a frost giant
 14251 | Gauntlet | a fenstrider witch changed into a frost giant
 14254 | Gauntlet | Noticed an alligator snapping turtle
 14254 | Gauntlet | a frost giant changed into an alligator snapping turtle
 14255 | Gauntlet | a fire crab changed into a hog
 14356 | Gauntlet | Noticed a shining eye
 14356 | Gauntlet | Noticed a swamp dragon
 14357 | Gauntlet | a shining eye changed into a swamp worm
 14357 | Gauntlet | a swamp dragon changed into a swamp worm
 14359 | Gauntlet | Noticed an iron giant
 14367 | Gauntlet | Noticed an iron dragon
 14367 | Gauntlet | an iron giant changed into an iron dragon
 14381 | Gauntlet | Noticed an acid blob
 14381 | Gauntlet | an iron dragon changed into an acid blob
 14391 | Gauntlet | Splashed by an acid blob (shapeshifter)'s acid

Illustrated notes

Levels and vault maps discovered:
D:1:      dpeg_cavernosity, layout_basic
D:2:      layout_basic, amcnicky_mini_pool_small, minmay_lizard_pond
D:3:      layout_rooms, overflow_temple_1_default, grunt_gozag_statues,
          uniq_natasha
D:4:      layout_loops_ring, grunt_qazlal_sundering,
          grunt_temple_overflow_cloverleaf, serial_shops, shop,
          portal_sewer_entry_a
D:5:      layout_gridville, dancing_weapons_uskayaw, nzn_wu_jian_council_hall,
          minivault_1, uniq_ijyb
D:6:      layout_rooms, grunt_temple_overflow_magic_moments,
          minmay_temple_entry_arrows, minmay_misc_feat_secret_circle,
          uniq_grinder
D:7:      layout_basic, minmay_nine_imps
D:8:      layout_basic, serial_ice, serial_ice_h, serial_ice_k, serial_ice_m,
          serial_ice_f, serial_ice_d, serial_ice_e, uniq_pikel
D:9:      layout_cave_pools, lair_entry_dummy, the_bakery, uniq_joseph
D:10:     layout_irregular_city, minmay_guarded_unrand_vampires_tooth
D:11:     layout_layer_cave, serial_shops, kennysheep_little_box,
          portal_ice_cave_entry_imps, gauntlet_entry_generic, kennysheep_boxes
Temple:   jpeg_temple_alley_garden
Gauntlet: gammafunk_gauntlet_one_two_three [gammafunk_gauntlet_arena_mazey,
          nicolae_gauntlet_swirl, nicolae_gauntlet_arena_grate_2,
          gammafunk_gauntlet_arena_split_x, gammafunk_gauntlet_arena_crates,
          gammafunk_gauntlet_arena_corners,
          gammafunk_gauntlet_arena_arrow_garden,
          nicolae_gauntlet_arena_flowing_pool, nicolae_gauntlet_arena_quarters,
          gauntlet_exit_green]

Skill      XL: |  1  2  3  4  5  6  7  8  9 10 11 |
---------------+----------------------------------+-----
Invocations    | 1 2 3 4 5 6 7 |  7.0
Short Blades   | 1 2 3 4 5 6 |  6.4
Long Blades    | 1 2 3 4 5 6 |  6.4
Axes           | 1 2 3 4 5 6 |  6.4
Maces & Flails | 1 2 3 4 5 6 |  6.4
Staves         | 1 2 3 4 5 6 |  6.4
Slings         | 1 2 3 4 5 6 |  6.4
Bows           | 1 2 3 4 5 6 |  6.4
Crossbows      | 1 2 3 4 5 6 |  6.4
Throwing       | 1 2 3 4 5 6 |  6.4
Dodging        | 1 2 3 4 5 6 |  6.4
Stealth        | 1 2 3 4 5 6 |  6.4
Unarmed Combat | 1 2 3 4 5 6 |  6.4
Spellcasting   | 1 2 3 4 5 6 |  6.4
Evocations     | 1 2 3 4 5 6 |  6.4
Conjurations   | 1 2 3 4 5 |  5.3
Hexes          | 1 2 3 4 5 |  5.3
Summonings     | 1 2 3 4 5 |  5.3
Necromancy     | 1 2 3 4 5 |  5.3
Translocations | 1 2 3 4 5 |  5.3
Transmutations | 1 2 3 4 5 |  5.3
Fire Magic     | 1 2 3 4 5 |  5.3
Ice Magic      | 1 2 3 4 5 |  5.3
Air Magic      | 1 2 3 4 5 |  5.3
Earth Magic    | 1 2 3 4 5 |  5.3
Poison Magic   | 1 2 3 4 5 |  5.3
Polearms       | 5 6 7 8 |  8.0
Fighting       | 7 8 9 |  9.2
Armour         | 7 8 9 |  9.2
Shields        | 7 8 9 |  9.2

Action                   |  1- 3 |  4- 6 |  7- 9 | 10-12 || total
-------------------------+-------+-------+-------+-------++-------
Melee: Trident           |   104 |   231 |   717 |   139 ||  1191
       Bite              |    11 |    13 |    51 |    97 ||   172
       Whip              |       |       |       |   505 ||   505
Throw: Dart              |       |     5 |    27 |    27 ||    59
       Throwing net      |       |     1 |       |       ||     1
Evoke: Wand              |       |       |     2 |    17 ||    19
  Use: Scroll            |       |       |    12 |    10 ||    22
       Potion            |       |       |       |     1 ||     1
 Stab: Sleeping          |       |       |     2 |       ||     2
Armor: Scale mail        |     7 |       |    45 |    81 ||   133
       Chain mail        |    45 |   147 |   350 |   164 ||   706
Dodge: Dodged            |    16 |    39 |   191 |   213 ||   459
Block: Kite shield       |    52 |   116 |   405 |   407 ||   980

Table legend: (Time is in decaauts)
 A = Elapsed time spent in this place.
 B = Non-inter-level travel time spent in this place.
 C = Inter-level travel time spent in this place.
 D = Time resting spent in this place.
 E = Time spent auto-exploring this place.
 F = Levels seen in this place.
 G = Mean time per level.
                   A        B        C        D        E       F      G
               +--------+--------+--------+--------+--------+-----+--------+
         Total |  16460 |  15582 |    878 |   2429 |   9073 |  14 | 1175.7 |
       Dungeon |  15195 |  14353 |    842 |   2289 |   8274 |  11 | 1381.4 |
        Temple |     83 |     48 |     35 |      0 |     39 |   1 |   83.0 |
         Sewer |    340 |    340 |      0 |    140 |    122 |   1 |  340.0 |
      Gauntlet |    841 |    841 |      0 |      0 |    637 |   1 |  841.0 |
               +--------+--------+--------+--------+--------+-----+--------+

Top non-repeatable levels by time:
    D:10: 2490 daAuts
     D:7: 2024 daAuts
     D:8: 1945 daAuts
     D:5: 1501 daAuts
     D:9: 1397 daAuts
     D:2: 1394 daAuts
     D:4: 1303 daAuts
     D:6: 1207 daAuts
     D:1: 919 daAuts
Gauntlet: 841 daAuts
     D:3: 826 daAuts
   Sewer: 340 daAuts
    D:11: 183 daAuts
  Temple: 83 daAuts
